PIO (24 & UNDER)
EAU CLAIRE ESQUIRES @ SEATTLE RAINIERS
09/22/2028
 
TOP OF THE 1ST
Eau Claire Esquires batting - Pitching for Seattle Rainiers : LHP David Vance
Pitching: LHP David Vance
Batting: LHB Brian Easdale 0-0: Foul Ball, location: 2F
0-1: Called Strike
0-2: Ball
1-2: Ball
2-2: Ball
3-2: Base on Balls
Batting: RHB Jorge Garza 0-0: Ball
1-0: Foul Ball, location: 2F
1-1: Grounds into double play, 5-4-3 (Groundball, 56)
Batting: RHB Luis Cherena 0-0: Hit by Pitch
Batting: LHB António Chávez 0-0: Ball
1-0: Ball
2-0: Ball
3-0: Called Strike
3-1: Called Strike
3-2: Strikes out swinging
Top of the 1st over - 0 run(s), 0 hit(s), 0 error(s), 1 left on base; Eau Claire 0 - Seattle 0
BOTTOM OF THE 1ST
Seattle Rainiers batting - Pitching for Eau Claire Esquires : LHP Tom Hale
Pitching: LHP Tom Hale
Batting: LHB Quinn Webb 0-0: Ball
1-0: Called Strike
1-1: Fly out, F7 (Flyball, 7)
Batting: RHB Juan Bruno 0-0: Called Strike
0-1: TRIPLE (Line Drive, 9LS)
Batting: RHB Jesús Ortíz 0-0: SINGLE (Line Drive, 6MD)
Juan Bruno scores
Batting: RHB Lionel Pona 0-0: Ball
1-0: Foul Ball, location: 2F
1-1: Called Strike
Jesús Ortíz steals 2nd base
1-2: Foul Ball, location: 2F
1-2: Fly out, F9 (Flyball, 9S)
Batting: RHB Steve Smith 0-0: Ball
1-0: Called Strike
1-1: Swinging Strike
1-2: Ball
2-2: Foul Ball, location: 2F
2-2: Foul Ball, location: 2F
2-2: Ball
3-2: Foul Ball, location: 2F
3-2: Fly out, F8 (Flyball, 8RD)
Bottom of the 1st over - 1 run(s), 2 hit(s), 0 error(s), 1 left on base; Eau Claire 0 - Seattle 1
TOP OF THE 2ND
Eau Claire Esquires batting - Pitching for Seattle Rainiers : LHP David Vance
Batting: RHB Terry Perkins 0-0: Called Strike
0-1: Foul Ball, location: 2F
0-2: Foul Ball, location: 2F
0-2: Ball
1-2: SOLO HOME RUN (Flyball, 7D), Distance : 401 ft
Batting: LHB Johnny Foley 0-0: Ball
1-0: Fly out, F8 (Flyball, 8LM)
Batting: LHB Lorenzo Vargas 0-0: Ball
1-0: Fly out, F9 (Flyball, 9LM)
Batting: RHB Jackson Smith 0-0: Called Strike
0-1: Ground out 5-3 (Groundball, 56)
Top of the 2nd over - 1 run(s), 1 hit(s), 0 error(s), 0 left on base; Eau Claire 1 - Seattle 1
BOTTOM OF THE 2ND
Seattle Rainiers batting - Pitching for Eau Claire Esquires : LHP Tom Hale
Batting: RHB Roberto Casas 0-0: Foul Ball, location: 2F
0-1: Ball
1-1: Foul Ball, location: 2F
1-2: Ground out 6-3 (Groundball, 6)
Batting: RHB John Eaves 0-0: Ball
1-0: Foul Ball, location: 2F
1-1: Ball
2-1: Reached on error, E5 (Groundball, 56)
Batting: SHB Dwight Hill 0-0: Ball
1-0: Foul Ball, location: 2F
1-1: SINGLE (Flyball, 9LS)
John Eaves to third
Batting: SHB Troy Holland 0-0: Called Strike
Dwight Hill is caught stealing 2nd base
0-1: Foul Ball, location: 2F
0-2: Fly out, F7 (Flyball, 7LSF)
Bottom of the 2nd over - 0 run(s), 1 hit(s), 1 error(s), 1 left on base; Eau Claire 1 - Seattle 1
TOP OF THE 3RD
Eau Claire Esquires batting - Pitching for Seattle Rainiers : LHP David Vance
Batting: RHB Kyle McIntyre 0-0: Foul Ball, location: 2F
0-1: Called Strike
0-2: Foul Ball, location: 2F
0-2: Ball
1-2: Ball
2-2: Ball
3-2: Strikes out swinging
Batting: LHB Brian Easdale 0-0: Called Strike
0-1: SINGLE (Line Drive, 4MD)
Batting: RHB Jorge Garza 0-0: Ball
1-0: Ball
2-0: Foul Ball, location: 2F
2-1: Reached on error, E1 (Groundball, P)
Brian Easdale to second
Batting: RHB Luis Cherena 0-0: Ball
1-0: 3-RUN HOME RUN (Flyball, 89XD), Distance : 426 ft
Batting: LHB António Chávez 0-0: Called Strike
0-1: Ball
1-1: SINGLE (Line Drive, 9LS)
Batting: RHB Terry Perkins 0-0: Called Strike
0-1: Ball
1-1: Ball
2-1: SINGLE (Groundball, 34D)
António Chávez to second
Runner from 2nd tries for 3rd, SAFE, throw made to third
Batting: LHB Johnny Foley 0-0: Ball
1-0: SINGLE (Groundball, 56) (infield hit)
António Chávez scores
Terry Perkins to second
Batting: LHB Lorenzo Vargas 0-0: Ball
1-0: Grounds into double play, 4-6-3 (Groundball, 4)
Top of the 3rd over - 4 run(s), 5 hit(s), 1 error(s), 1 left on base; Eau Claire 5 - Seattle 1
BOTTOM OF THE 3RD
Seattle Rainiers batting - Pitching for Eau Claire Esquires : LHP Tom Hale
Batting: LHB Quinn Webb 0-0: Ball
1-0: Called Strike
1-1: Ball
2-1: Foul Ball, location: 2F
2-2: Foul Ball, location: 2F
2-2: SINGLE (Groundball, 5L) (infield hit)
Batting: RHB Juan Bruno 0-0: Grounds into double play, 5-4-3 (Groundball, 56)
Batting: RHB Jesús Ortíz 0-0: Fly out, F9 (Flyball, 9S)
Bottom of the 3rd over - 0 run(s), 1 hit(s), 0 error(s), 0 left on base; Eau Claire 5 - Seattle 1
TOP OF THE 4TH
Eau Claire Esquires batting - Pitching for Seattle Rainiers : LHP David Vance
Batting: RHB Jackson Smith 0-0: Ball
1-0: Ball
2-0: Ball
3-0: Called Strike
3-1: Foul Ball, location: 2F
3-2: Foul Ball, location: 2F
3-2: Ground out 6-3 (Groundball, 6)
Batting: RHB Kyle McIntyre 0-0: Ball
1-0: Called Strike
1-1: Foul Ball, location: 2F
1-2: Foul Ball, location: 2F
1-2: Ball
2-2: Ball
3-2: Foul Ball, location: 2F
3-2: Strikes out swinging
Batting: LHB Brian Easdale 0-0: Called Strike
0-1: Ball
1-1: Ball
2-1: Fly out, F2 (Popup, 25)
Top of the 4th over - 0 run(s), 0 hit(s), 0 error(s), 0 left on base; Eau Claire 5 - Seattle 1
BOTTOM OF THE 4TH
Seattle Rainiers batting - Pitching for Eau Claire Esquires : LHP Tom Hale
Batting: RHB Lionel Pona 0-0: Called Strike
0-1: Ball
1-1: Ball
2-1: Swinging Strike
2-2: Foul Ball, location: 2F
2-2: Strikes out swinging
Batting: RHB Steve Smith 0-0: Ball
1-0: Called Strike
1-1: Swinging Strike
1-2: SINGLE (Line Drive, 9LM)
Batting: RHB Roberto Casas 0-0: Foul Ball, location: 2F
0-1: Called Strike
0-2: Strikes out looking
Batting: RHB John Eaves 0-0: Called Strike
0-1: Foul Ball, location: 2F
0-2: Ball
1-2: Ball
2-2: Foul Ball, location: 2F
2-2: Ball
3-2: Foul Ball, location: 2F
3-2: Strikes out swinging
Bottom of the 4th over - 0 run(s), 1 hit(s), 0 error(s), 1 left on base; Eau Claire 5 - Seattle 1
TOP OF THE 5TH
Eau Claire Esquires batting - Pitching for Seattle Rainiers : LHP David Vance
Batting: RHB Jorge Garza 0-0: Ball
1-0: Ball
2-0: Ball
3-0: Called Strike
3-1: Called Strike
3-2: Fly out, F8 (Flyball, 8RM)
Batting: RHB Luis Cherena 0-0: Called Strike
0-1: Swinging Strike
0-2: Strikes out looking
Batting: LHB António Chávez 0-0: Ball
1-0: Ball
2-0: Ball
3-0: Called Strike
3-1: Foul Ball, location: 2F
3-2: Foul Ball, location: 2F
3-2: Strikes out swinging
Top of the 5th over - 0 run(s), 0 hit(s), 0 error(s), 0 left on base; Eau Claire 5 - Seattle 1
BOTTOM OF THE 5TH
Seattle Rainiers batting - Pitching for Eau Claire Esquires : LHP Tom Hale
Batting: SHB Dwight Hill 0-0: Fly out, F4 (Line Drive, 4M)
Batting: SHB Troy Holland 0-0: Ball
1-0: Ball
2-0: Swinging Strike
2-1: Ball
3-1: Base on Balls
Batting: LHB Quinn Webb 0-0: Called Strike
0-1: Foul Ball, location: 2F
0-2: Ball
1-2: Ball
2-2: Ground out 4-3 (Groundball, 34)
Troy Holland to second
Batting: RHB Juan Bruno 0-0: Fly out, F9 (Flyball, 9LSF)
Bottom of the 5th over - 0 run(s), 0 hit(s), 0 error(s), 1 left on base; Eau Claire 5 - Seattle 1
TOP OF THE 6TH
Eau Claire Esquires batting - Pitching for Seattle Rainiers : LHP David Vance
Pitching: RHP Les Johnston
Batting: RHB Terry Perkins 0-0: Foul Ball, location: 2F
0-1: Ball
1-1: Ball
2-1: Fly out, F8 (Line Drive, 89M)
Batting: LHB Johnny Foley 0-0: Foul Ball, location: 2F
0-1: Foul Ball, location: 2F
0-2: Ball
1-2: Strikes out swinging
Batting: LHB Lorenzo Vargas 0-0: Called Strike
0-1: Ball
1-1: Ground out 1-3 (Groundball, 13)
Top of the 6th over - 0 run(s), 0 hit(s), 0 error(s), 0 left on base; Eau Claire 5 - Seattle 1
BOTTOM OF THE 6TH
Seattle Rainiers batting - Pitching for Eau Claire Esquires : LHP Tom Hale
Batting: RHB Jesús Ortíz 0-0: Called Strike
0-1: Swinging Strike
0-2: Ball
1-2: Foul Ball, location: 2F
1-2: SOLO HOME RUN (Flyball, 78XD), Distance : 437 ft
Batting: RHB Lionel Pona 0-0: Called Strike
0-1: SINGLE (Line Drive, 6M)
Batting: RHB Steve Smith 0-0: Called Strike
0-1: Called Strike
0-2: Foul Ball, location: 2F
0-2: Strikes out looking
Pitching: RHP Ángel Gil
Batting: RHB Roberto Casas 0-0: Fly out, F8 (Flyball, 8LD)
Batting: RHB John Eaves 0-0: SINGLE (Flyball, 78S)
Lionel Pona to second
Batting: SHB Dwight Hill 0-0: Foul Ball, location: 2F
0-1: Called Strike
0-2: Ball
1-2: Strikes out swinging
Bottom of the 6th over - 1 run(s), 3 hit(s), 0 error(s), 2 left on base; Eau Claire 5 - Seattle 2
TOP OF THE 7TH
Eau Claire Esquires batting - Pitching for Seattle Rainiers : RHP Les Johnston
Batting: RHB Jackson Smith 0-0: Called Strike
0-1: Ball
1-1: Ball
2-1: Ball
3-1: Foul Ball, location: 2F
3-2: Base on Balls
Batting: RHB Kyle McIntyre 0-0: Sac Bunt - play at first, batter OUT! 1-3
Jackson Smith to second
Batting: LHB Brian Easdale 0-0: Intentional Walk
Batting: RHB Jorge Garza 0-0: Ball
1-0: Ball
2-0: SINGLE (Groundball, 6MD)
Jackson Smith to third
Brian Easdale to second
Runner from 3rd tries for Home, SAFE, no throw
Batting: RHB Luis Cherena 0-0: 3-RUN HOME RUN (Flyball, 8LXD), Distance : 437 ft
Pitching: RHP Mark Owens
Batting: LHB António Chávez 0-0: Ball
1-0: Ground out 1-3 (Groundball, 13S)
Batting: RHB Terry Perkins 0-0: Ball
1-0: Ground out 6-3 (Groundball, 6)
Top of the 7th over - 4 run(s), 2 hit(s), 0 error(s), 0 left on base; Eau Claire 9 - Seattle 2
BOTTOM OF THE 7TH
Seattle Rainiers batting - Pitching for Eau Claire Esquires : RHP Ángel Gil
Batting: SHB Troy Holland 0-0: Ball
1-0: Ground out U3 (Groundball, 34)
Batting: LHB Quinn Webb 0-0: Ball
1-0: Ball
2-0: Called Strike
2-1: Foul Ball, location: 2F
2-2: Strikes out looking
Batting: RHB Juan Bruno 0-0: Foul Ball, location: 2F
0-1: Ball
1-1: Swinging Strike
1-2: Ball
2-2: Fly out, F8 (Flyball, 89M)
Bottom of the 7th over - 0 run(s), 0 hit(s), 0 error(s), 0 left on base; Eau Claire 9 - Seattle 2
TOP OF THE 8TH
Eau Claire Esquires batting - Pitching for Seattle Rainiers : RHP Mark Owens
Batting: LHB Johnny Foley 0-0: Called Strike
0-1: Ball
1-1: Swinging Strike
1-2: Strikes out swinging
Batting: LHB Lorenzo Vargas 0-0: Swinging Strike
0-1: Ball
1-1: Called Strike
1-2: Foul Ball, location: 2F
1-2: Ball
2-2: Ball
3-2: Foul Ball, location: 2F
3-2: SINGLE (Groundball, 4MD)
Batting: RHB Jackson Smith 0-0: Called Strike
0-1: Ball
1-1: Swinging Strike
1-2: Foul Ball, location: 2F
1-2: Ball
2-2: Strikes out looking
Batting: RHB Kyle McIntyre 0-0: Called Strike
0-1: Ball
1-1: Swinging Strike
1-2: Foul Ball, location: 2F
1-2: Strikes out swinging
Top of the 8th over - 0 run(s), 1 hit(s), 0 error(s), 1 left on base; Eau Claire 9 - Seattle 2
BOTTOM OF THE 8TH
Seattle Rainiers batting - Pitching for Eau Claire Esquires : RHP Ángel Gil
Batting: RHB Jesús Ortíz 0-0: Called Strike
0-1: Fly out, F8 (Flyball, 8LM)
Batting: RHB Lionel Pona 0-0: Ball
1-0: Called Strike
1-1: Foul Ball, location: 2F
1-2: Ball
2-2: Ball
3-2: Foul Ball, location: 2F
3-2: Base on Balls
Batting: RHB Steve Smith 0-0: Called Strike
0-1: Fielders Choice at 2nd, 4-6 (Groundball, 4M)
Batting: RHB Roberto Casas 0-0: Called Strike
0-1: SINGLE (Line Drive, 34)
Steve Smith to second
Runner from 2nd tries for 3rd, SAFE, throw made to third
Batting: RHB John Eaves 0-0: Ball
1-0: Ball
2-0: Foul Ball, location: 2F
2-1: Ball
3-1: SINGLE (Line Drive, 8LS)
Steve Smith scores
Roberto Casas to second
Batting: SHB Dwight Hill 0-0: Swinging Strike
0-1: Foul Ball, location: 2F
0-2: Strikes out swinging
Bottom of the 8th over - 1 run(s), 2 hit(s), 0 error(s), 2 left on base; Eau Claire 9 - Seattle 3
TOP OF THE 9TH
Eau Claire Esquires batting - Pitching for Seattle Rainiers : RHP Mark Owens
Batting: LHB Brian Easdale 0-0: Ball
1-0: Foul Ball, location: 2F
1-1: Fly out, F9 (Flyball, 9S)
Batting: RHB Jorge Garza 0-0: Ball
1-0: Foul Ball, location: 2F
1-1: Foul Ball, location: 2F
1-2: Ball
2-2: Ball
3-2: Base on Balls
Batting: RHB Luis Cherena 0-0: Swinging Strike
0-1: Ball
1-1: Swinging Strike
1-2: Foul Ball, location: 2F
1-2: Foul Ball, location: 2F
1-2: Ball
2-2: Ball
Jorge Garza steals 2nd base
3-2: Base on Balls
Batting: LHB António Chávez 0-0: Foul Ball, location: 2F
0-1: Ball
1-1: Called Strike
1-2: Ball
2-2: Strikes out swinging
Batting: RHB Terry Perkins 0-0: Ball
1-0: Foul Ball, location: 2F
1-1: Foul Ball, location: 2F
1-2: Ball
2-2: SINGLE (Groundball, 6D)
Jorge Garza to third
Luis Cherena to second
Runner from 3rd tries for Home, SAFE, no throw
Batting: LHB Johnny Foley 0-0: Called Strike
0-1: Called Strike
0-2: Ball
1-2: Fly out, F8 (Flyball, 8LD)
Top of the 9th over - 1 run(s), 1 hit(s), 0 error(s), 2 left on base; Eau Claire 10 - Seattle 3
BOTTOM OF THE 9TH
Seattle Rainiers batting - Pitching for Eau Claire Esquires : RHP Ángel Gil
Now at 1B: Juan Martínez
Batting: SHB Troy Holland 0-0: Foul Ball, location: 2F
0-1: SINGLE (Groundball, 34) (infield hit)
Batting: LHB Quinn Webb 0-0: Called Strike
0-1: Fielders Choice at 2nd, 3-6 (Groundball, 34)
Batting: RHB Juan Bruno 0-0: Ball
1-0: Ball
2-0: SINGLE (Flyball, 9LM)
Quinn Webb to second
Runner from 2nd tries for 3rd, SAFE, no throw
Batting: RHB Jesús Ortíz 0-0: Called Strike
0-1: Ball
1-1: Ball
2-1: Called Strike
2-2: Foul Ball, location: 2F
2-2: Ball
3-2: DOUBLE (Flyball, 8LXD)
Quinn Webb scores
Juan Bruno to third
Batting: RHB Lionel Pona 0-0: Fly out, F8 (Flyball, 8LD)
Runner from 3rd tags up, SCORES, no throw
Jesús Ortíz to third
Pitching: RHP Elias Bednell
Batting: RHB Steve Smith 0-0: Fly out, F4 (Popup, 3D)
Bottom of the 9th over - 2 run(s), 3 hit(s), 0 error(s), 1 left on base; Eau Claire 10 - Seattle 5
Tuesday, August 8th, 2017 - OOTP Baseball 17.12 Build 75